[Event "Late-Titled-Tuesday-Blitz-April-02-2024"]
[Site "Chess.com"]
[Date "2024.04.02"]
[Round "2"]
[White "LiemLe"]
[Black "JG-17"]
[Result "1-0"]
[WhiteElo "3021"]
[BlackElo "2604"]
[TimeControl "180+1"]
[EndTime "14:18:30 PDT"]
[Termination "LiemLe won on time"]

1. Nf3 Nf6 2. c4 e6 3. b3 d5 4. Bb2 Be7 5. e3 O-O 6. Nc3 c5 7. cxd5 exd5 8. d4 Nc6 9. Be2 Ne4 10. dxc5 Qa5 11. Rc1 Bf6 12. Nd4 Nxc5 13. Nxc6 bxc6 14.
Qd2 Rd8 15. O-O d4 16. exd4 Bxd4 17. Qc2 Be6 18. Rfd1 Rac8 19. Bf3 Na6 20. Na4 Nb4 21. Qe2 Bxb2 22. Qxb2 Nd3 23. Qc3 Qxc3 24. Rxc3 Ne5 25.
Be2 Rxd1+ 26. Bxd1 Rd8 27. Bc2 Rd2 28. h3 Bd5 29. Kf1 g6 30. Ke1 Rd4 31. Rc5 Nd7 32. Ra5 Bxg2 33. Rxa7 Bxh3 34. Nc3 h5 35. Be4 Ne5 36. Ke2 Be6 37. f4 Ng4 38. Ra4 Rd6 39. Ra6 h4 40. Rxc6 Rxc6 41. Bxc6 h3 42. Kf3 Kf8 43.
b4 Ke7 44. a4 Kd6 45. b5 Kc7 46. a5 Nf6 47. Ne4 Nd5 48. Ng5 Nb4 49. Be4 Bd5 50. Bxd5 Nxd5 51. Nxf7 Nc3 52. b6+ Kb7 53. Nd8+ Ka6 54. b7 Ka7 55. Kg3 Nd5 56. Ne6 Ne7 57.
Kxh3 Kxb7 58. Kg4 Nd5 59. Nc5+ Kc6 60. Nb3 Kb5 61. Kg5 Ka6 62. Kg4 Kb5 63. Kf3 Ka6 64. Ke4 Ne7 65. Ke5 Nc6+ 66. Kf6 Nb4 67. Kxg6 Nd5 68.
f5 Kb5 69. f6 Kb4 70. f7 Kxb3 71. f8=Q 1-0

[Event "Late-Titled-Tuesday-Blitz-April-02-2024"]
[Site "Chess.com"]
[Date "2024.04.02"]
[Round "2"]
[White "prochn"]
[Black "trriinu"]
[Result "1-0"]
[WhiteElo "2518"]
[BlackElo "2281"]
[TimeControl "180+1"]
[EndTime "14:18:37 PDT"]
[Termination "prochn won by resignation"]

1. d4 g6 2. c4 Bg7 3. g3 d6 4.
Bg2 Nf6 5. Nf3 c6 6. Nc3 O-O 7. e4 Nbd7 8. O-O e5 9. h3 Qb6 10. d5 c5 11. Rb1 a6 12. a3 Qc7 13.
Be3 Nh5 14. Nd2 Rb8 15. b4 b5 16. cxb5 cxb4 17. Na2 bxa3 18. Qa4 axb5 19. Qxa3 Nc5 20. Rfc1 Bd7 21. Bxc5 dxc5 22. Rxc5 Qd6 23. Qc3 Ra8 24.
Nb4 Rfb8 25. Nc6 Rb6 26. Rbxb5 Rba6 27. Rb1 Bf8 28. Rc4 Ra3 29. Qc2 Ra2 30. Qc3 R8a6 31.
Nf3 Nf6 32. Nfxe5 Bxc6 33. Nxc6 Nd7 34. e5 Qa3 35. e6 Qxc3 36. Rxc3 Nf6 37. e7 Bxe7 38.
Nxe7+ Kg7 39. Rc6 R6a3 40. d6 Rd2 41. Nc8 Rad3 42. Rb7 Ne8 43. Rcc7 Rd1+ 44. Kh2 Nxd6 45. Nxd6 Rxd6 46. Rxf7+ Kg8 47. Rxh7 R1d2 48. Rhf7 Rd8 49.
Rf4 R2d6 50. h4 R8d7 51. Rxd7 Rxd7 52. Be4 Kg7 53. Kg2 Rd6 54. Rg4 Kf7 55. Rxg6 Rd4 56. Bf5 Rd5 57. Rg5 Rd2 58. g4 Kf6 59. Rg6+ Kf7 60.
h5 Rd4 61. Kg3 Rb4 62. f3 Rb3 63. Ra6 Rb4 64. g5 Kg7 65. Ra7+ Kf8 66. h6 Rb5 67. Kg4 Rb4+ 68. f4 1-0

[Event "Late-Titled-Tuesday-Blitz-April-02-2024"]
[Site "Chess.com"]
[Date "2024.04.02"]
[Round "2"]
[White "N_I_Chess"]
[Black "GoltsevDmitry2000"]
[Result "0-1"]
[WhiteElo "2387"]
[BlackElo "2804"]
[TimeControl "180+1"]
[EndTime "14:18:41 PDT"]
[Termination "GoltsevDmitry2000 won on time"]

1. d4 Nf6 2. c4 e6 3. Nc3 d5 4. cxd5 exd5 5. Bg5 c6 6. e3 Bf5 7. Bd3 Bg6 8. Nge2 Bd6 9. f3 h6 10. Bh4 Na6 11. Bxg6 fxg6 12. O-O O-O 13. a3 Nc7 14. Kh1 g5 15. Bg3 Re8 16. Qd3 Nh5 17. Bxd6 Qxd6 18. e4 Ne6 19. e5 Qe7 20. g3 Qf7 21. Rf2 Rf8 22. Raf1 Rad8 23. b4 b6 24. f4 gxf4 25.
gxf4 Qf5 26. Qe3 c5 27. bxc5 bxc5 28. Nb5 Qg4 29. f5 cxd4 30. Nbxd4 Ng5 31. e6 Rde8 32. Nf4 Nf6 33. Ng6 Nfe4 34. Rg2 Qh5 35. Nxf8 Rxf8 36. Qe2 Qh4 37. Qg4 Qxg4 38. Rxg4 Rc8 39. h4 Nh7 40. Nf3 Nhf6 41. Rg2 Rc3 42. Ne5 Kf8 43. Rfg1 Rh3+ 44. Rh2 Re3 45. Kg2 Re2+ 46. Kh3 Nf2+ 47. Rxf2 Rxf2 48. Ng6+ Ke8 49. Rb1 Kd8 50.
e7+ Kd7 51. Rb7+ Kd6 52. Rb8 Rxf5 53. e8=Q Nxe8 54. Rxe8 Rf3+ 55. Kg4 Rxa3 56. Rd8+ Kc5 57. Rg8 Ra4+ 58. Kh5 d4 59. Rxg7 d3 60. Rd7 Rd4 61.
Rxd4 Kxd4 62. Kxh6 d2 63. h5 d1=Q 64. Nf8 Qf3 65.
Ng6 a5 66. Ne7 Qf6+ 67. Ng6 a4 68. Kh7 a3 69. h6 a2 70. Ne7 a1=Q 71. Kg8 Qa8+ 0-1

[Event "Late-Titled-Tuesday-Blitz-April-02-2024"]
[Site "Chess.com"]
[Date "2024.04.02"]
[Round "2"]
[White "DraningWaterHi"]
[Black "ATM622"]
[Result "0-1"]
[WhiteElo "2285"]
[BlackElo "2525"]
[TimeControl "180+1"]
[EndTime "14:18:43 PDT"]
[Termination "ATM622 won by resignation"]

1. d4 Nf6 2. Bf4 d5 3. e3 e6 4. Nd2 Be7 5. Ngf3 O-O 6. Bd3 Nbd7 7.
O-O c5 8. c3 b6 9. e4 dxe4 10.
Nxe4 Bb7 11. Nd6 Bc6 12. Bg3 Nh5 13. Ne4 Nxg3 14. hxg3 Nf6 15. Nxf6+ Bxf6 16. dxc5 bxc5 17. Qc2 h6 18. Be4 Qc7 19. Rad1 Rfd8 20. Nd2 Rac8 21.
Bxc6 Qxc6 22. Qe4 Be7 23. Qxc6 Rxc6 24. Nc4 Rd5 25. Rfe1 Kf8 26. f4 Rc8 27. Kf2 Rcd8 28. Ke2 Ke8 29. Ne5 Bf6 30. Nc4 Ke7 31. Na5 Rc8 32. Nc4 Rcd8 33. Na5 Rc8 34. Kf3 Kd7 35. c4 Rxd1 36. Rxd1+ Kc7 37. Rd2 Rb8 38. Nb3 Kc6 39. Na5+ Kc7 40. Nb3 Be7 41. Nc1 Rb4 42. b3 Rb8 43.
Ne2 Kc6 44. Nc3 a6 45. g4 Bf6 46. Ne4 Bd4 47. Ng3 a5 48. Ne2 Bf6 49. Rd3 a4 50.
Nc1 Bb2 51. Ne2 a3 52. Nc3 Bxc3 53. Rxc3 Rd8 54. Ke3 Rd1 55. Rd3 Ra1 56. Rd2 Re1+ 57.
Kf2 Re4 58. Kf3 Re1 59. Kf2 Rb1 60. Kf3 f5 61. gxf5 exf5 62. Re2 Rd1 63. Re6+ Kd7 64. Re2 Rd3+ 65. Re3 Rd4 66. Ke2 Kc6 67. g3 Rd7 68. Rd3 Re7+ 69. Re3 Rd7 70. Rd3 Rf7 71. Kf2 g5 72. Rd5 g4 73. Ke3 Re7+ 74. Kf2 Re8 75. Rxf5 Rd8 76. Rd5 Rb8 77. f5 Rf8 78. Ke3 Re8+ 79.
Kd3 Rf8 80. Ke4 Re8+ 81. Kf4 Re2 82. Kxg4 Rxa2 83. f6 Rf2 84. Rf5 Rxf5 85. Kxf5 a2 86. f7 a1=Q 87. f8=Q Qf1+ 0-1

[Event "Late-Titled-Tuesday-Blitz-April-02-2024"]
[Site "Chess.com"]
[Date "2024.04.02"]
[Round "2"]
[White "Jahonas"]
[Black "Revan_2002"]
[Result "1/2-1/2"]
[WhiteElo "2508"]
[BlackElo "2737"]
[TimeControl "180+1"]
[EndTime "14:18:47 PDT"]
[Termination "Game drawn by repetition"]

1. e4 e5 2. Nf3 Nc6 3. Bb5 a6 4. Ba4 d6 5. O-O Bd7 6. Re1 Nf6 7. h3 g6 8. d4 Bg7 9. dxe5 Nxe5 10. Bxd7+ Qxd7 11. Nc3 Nxf3+ 12. Qxf3 O-O 13. Bg5 Ne8 14. Nd5 f6 15.
Bh4 Rf7 16. Rad1 Qa4 17. Qb3 Qxb3 18. axb3 Rd7 19. c3 Kf7 20. g4 a5 21. Kg2 Ra6 22.
Ra1 Bh6 23. Ne3 Bxe3 24. Rxe3 Rb6 25. c4 Ra6 26. f4 c5 27. Be1 b6 28. Bc3 Re7 29.
Kf3 Raa7 30. Rd3 h6 31. h4 Re6 32. Rh1 Rae7 33. Re3 f5 34. gxf5 gxf5 35. Rhe1 fxe4+ 36. Rxe4 Rxe4 37. Rxe4 Rd7 38. f5 d5 39. cxd5 Rxd5 40. Kf4 Nd6 41. Re5 Rd1 42. Re6 Rf1+ 43. Ke5 Nxf5 44. Rf6+ Ke7 45. Rxf5 Rh1 46. h5 b5 47. Kd5 b4 48. Bf6+ Kd7 49. Be5 Ke7 50. Bd6+ Kd7 51. Rf7+ Ke8 52. Rf8+ Kd7 53. Rf5 Rd1+ 54.
Kxc5 Rc1+ 55. Kd5 Rd1+ 56. Ke5 Re1+ 57. Kf6 Kxd6 58. Kg6 Re2 59. Kxh6 Rxb2 60. Rf3 Rg2 61. Kh7 Ke6 62. h6 Rg5 63. Kh8 Ke7 64. h7 Ke8 65. Re3+ Kf7 66. Rf3+ Ke7 67. Re3+ Kf7 68. Rf3+ Ke8 69.
Re3+ Kf8 70. Rf3+ Ke7 71. Re3+ Kf6 72. Rf3+ Ke6 73. Rf8 Ke7 74. Rg8 Rh5 75. Rg7+ Kf8 76. Rg8+ Kf7 77. Rg7+ Kf8 78. Rg8+ Kf7 79. Rg7+ Kf8 1/2-1/2

[Event "Late-Titled-Tuesday-Blitz-April-02-2024"]
[Site "Chess.com"]
[Date "2024.04.02"]
[Round "2"]
[White "zverr1"]
[Black "FMOlexandrProhorov"]
[Result "1-0"]
[WhiteElo "2550"]
[BlackElo "2305"]
[TimeControl "180+1"]
[EndTime "14:19:15 PDT"]
[Termination "zverr1 won by resignation"]

1. e4 c5 2. Nf3 e6 3. b3 d5 4. exd5 exd5 5. Bb5+ Nc6 6. O-O Nf6 7. Re1+ Be7 8. Qe2 Be6 9. Bxc6+ bxc6 10. Ng5 Bf5 11. Ba3 Nd7 12. d4 h6 13. Nf3 Bg4 14. Nbd2 Kf8 15.
h3 Be6 16. Ne5 Rc8 17. Ng6+ Kg8 18. Nxh8 Kxh8 19. Nf3 Bf6 20. Rad1 Qa5 21. Bxc5 Nxc5 22.
dxc5 Bc3 23. Rf1 Qxc5 24. Qd3 Bf6 25. Rfe1 Rd8 26. Ne5 Qd6 27. Nc4 Qc7 28. Ne3 Kg8 29. Nf5 a5 30. Nd4 Bc8 31. a4 Kf8 32. Qh7 Be6 33. Nf5 Ke8 34. Nxg7+ Bxg7 35. Qxg7 Kd7 36.
Qxh6 Kc8 37. Rxe6 fxe6 38. Qxe6+ Kb7 39. Re1 Rd7 40. Qe5 Qc8 41. Qe6 Qd8 42. Qe3 Qc7 43.
Qc5 Qb6 44. Qxb6+ Kxb6 45. c3 Kc5 46. h4 Rb7 47. Rb1 d4 48. cxd4+ Kxd4 49. h5 c5 50. g4 c4 51. Rd1+ Ke4 52. bxc4 Rg7 53. Kf1 Rxg4 54. Rb1 Kf3 55. Rb3+ Ke4 56. Rb5 Rh4 57.
Rxa5 Kf3 58. Rf5+ Ke4 59. Rb5 Kf3 60. Rb3+ Kf4 61. Ke2 Rxh5 62. Rb5 Rh2 63. Rd5 Ke4 64. Rd3 Rh6 65. Re3+ Kd4 66. Rg3 Kxc4 67. Rg4+ Kd5 68. Kf3 Ra6 69. Rf4 Ke5 70. Rb4 Rf6+ 71. Ke3 Rh6 72.
f4+ Kd5 73. Rb5+ Kc4 74. Ke4 Re6+ 75. Re5 Ra6 76. Re8 Rxa4 77. Rc8+ Kb5+ 78. Ke5 Ra1 79. f5 Re1+ 80. Kf6 Kb6 81. Kf7 Kb7 82. Rc4 Re2 83.
f6 Kb6 84. Kf8 Kb5 85. Rc8 Kb6 86. f7 Re3 87. Rc4 Kb5 88. Rc7 Kb6 89. Re7 Rg3 90. Ke8 Rd3 91. f8=Q Rd6 92. Rb7+ Kc5 93. Rc7+ Kd5 94.
Rd7 Kc6 95. Qxd6+ 1-0

[Event "Late-Titled-Tuesday-Blitz-April-02-2024"]
[Site "Chess.com"]
[Date "2024.04.02"]
[Round "2"]
[White "PapaieDudu"]
[Black "ProfessorChess101"]
[Result "0-1"]
[WhiteElo "2385"]
[BlackElo "2788"]
[TimeControl "180+1"]
[EndTime "14:19:47 PDT"]
[Termination "ProfessorChess101 won by checkmate"]

1. Nf3 a6 2. e4 b5 3. d4 Bb7 4.
Bd3 e6 5. O-O Nf6 6. Qe2 d6 7.
a4 b4 8. c3 a5 9. Nbd2 Nbd7 10.
e5 Nd5 11. Ne4 dxe5 12. dxe5 Nc5 13. Rd1 Nxd3 14. Rxd3 Ba6 15. Nd4 Bxd3 16. Qxd3 Qd7 17. c4 Nb6 18. c5 Nd5 19. c6 Qd8 20. Bg5 Be7 21. Nd6+ cxd6 22. c7 Qxc7 23. Nb5 Qc6 24. Rc1 Qxc1+ 25. Bxc1 dxe5 26. Qg3 O-O 27. h4 Bf6 28.
Bg5 e4 29. Nd6 e3 30. fxe3 Bxb2 31. e4 Bd4+ 32. Kh2 Nc3 33. e5 f6 34. Bxf6 Rxf6 35. exf6 Bxf6 36. Qg4 Be5+ 37. Kh3 Bxd6 38. Qxe6+ Kh8 39.
Qxd6 Re8 40. Qc5 Ra8 41. Qc6 Rb8 42. Qc7 Re8 43. Qxa5 Rb8 44. Qc7 Ra8 45. Qc6 Rb8 46.
Qc7 Re8 47. Qc6 Rd8 48. a5 Rd3+ 49. g3 h5 50. Qe8+ Kh7 51. Qxh5+ Kg8 52. Qe8+ Kh7 53. h5 Rd6 54. Qe1 Rf6 55. Kh4 Nd5 56. Qd2 Ne7 57.
Qd3+ Nf5+ 58. Kg4 Kh6 59. Qd2+ Kh7 60. Qd3 Kg8 61. Kh3 Ne7 62. Qd8+ Kf7 63. Qd7 Rf5 64. Qd3 Rxh5+ 65. Kg2 Rxa5 66. Qc4+ Nd5 67. g4 Ke6 68.
Kf1 Ra1+ 69. Ke2 Ra3 70. Qe4+ Kd6 71. Qd4 Rc3 72. Qxg7 b3 73. Qf8+ Ke5 74. Qe8+ Kd4 75. Qh8+ Kc4 76. Qc8+ Kb5 77. Qb7+ Nb6 78. Kd2 Rc2+ 79.
Kd1 Rc4 80. Qb8 b2 81. Qe8+ Kb4 82. Qe7+ Kb3 83. Qe3+ Ka2 84. Qd2 Rc1+ 85. Ke2 Nc4 86. Qb4 b1=Q 87. Qa4+ Na3 88. g5 Qc2+ 89. Qxc2+ Rxc2+ 90. Kf3 Rc6 91. Kg4 Nc4 92. Kh5 Ne5 93. g6 Nxg6 94. Kh6 Kb3 95. Kg7 Kc4 96. Kf7 Kd5 97. Kg7 Ke5 98. Kf7 Kf5 99. Kg7 Nf4 100. Kf7 Rc7+ 101. Kf8 Ke6 102. Ke8 Rc8# 0-1

[Event "Late-Titled-Tuesday-Blitz-April-02-2024"]
[Site "Chess.com"]
[Date "2024.04.02"]
[Round "2"]
[White "slidingknight2775"]
[Black "Doublekk14"]
[Result "1/2-1/2"]
[WhiteElo "2599"]
[BlackElo "2352"]
[TimeControl "180+1"]
[EndTime "14:19:57 PDT"]
[Termination "Game drawn by 50-move rule"]

1. e4 c5 2. Nf3 e6 3. b3 d6 4. Bb2 e5 5. Bb5+ Nc6 6. c3 Nf6 7. Qe2 Bd7 8. O-O a6 9. Bxc6 Bxc6 10. d4 Qc7 11. dxe5 dxe5 12. c4 Bd6 13. Nc3 O-O 14. Nd5 Bxd5 15. cxd5 b5 16. Nh4 Rac8 17. Rac1 Rfe8 18.
Nf5 Bf8 19. Rcd1 g6 20. Ne3 Nxe4 21. d6 Nxd6 22. Nd5 Qd8 23. f4 Bg7 24. fxe5 Qg5 25. Qf3 Nf5 26. Bc1 Qh4 27. g3 Qh3 28. Nf4 Qh6 29.
Nd5 Qh3 30. Nf4 Qh6 31. Ne6 Rxe6 32. Bxh6 Bxh6 33. Rfe1 Rce8 34. Qd5 Nd4 35. Rxd4 cxd4 36. Qxd4 Bg7 37. Qa7 Bxe5 38. Kg2 Bg7 39. Rxe6 Rxe6 40. Qa8+ Bf8 41. Kh3 Kg7 42. Qb7 Be7 43. a4 bxa4 44. bxa4 h5 45. a5 Bd8 46. Qb4 Be7 47. Qd4+ Bf6 48.
Qa4 Be7 49. Kg2 Bf6 50. Kf3 Be7 51. Qc4 Bf6 52. h4 Be7 53. Kg2 Bf6 54. Kh3 Be7 55. g4 hxg4+ 56. Qxg4 Bf6 57. h5 Be7 58. hxg6 Rxg6 59.
Qd4+ Bf6 60. Qc4 Rh6+ 61. Kg2 Rg6+ 62. Kf3 Be5 63. Qe4 Bf6 64. Qd3 Be5 65. Qc4 Rf6+ 66. Ke2 Re6 67. Kd1 Kf6 68. Qc8 Kg5 69. Qg8+ Kf6 70.
Qh8+ Ke7 71. Qa8 Rd6+ 72. Kc2 Re6 73. Qb7+ Kf6 74. Qf3+ Ke7 75. Qb7+ Kf6 76. Kb3 Kg5 77. Ka4 Kf6 78. Qf3+ Ke7 79. Qf5 Bf6 80. Qd5 Be5 81. Qb7+ Kf6 82. Kb3 Kg7 83. Qg2+ Kf6 84. Kc4 Ke7 85. Kd5 Bf6 86. Qc2 Rd6+ 87. Ke4 Re6+ 88. Kf3 Be5 89. Qc5+ Kf6 90. Qa7 Kg6 91. Qd7 Kf6 92.
Qd3 Kg7 93. Kg4 Kf6 94. Qf5+ Ke7 95. Qg5+ Bf6 96. Qd2 Rd6 97. Qe3+ Re6 98. Qa7+ Kf8 99. Kf5 Kg7 100. Qd7 Re5+ 101. Kf4 Re6 102. Qc8 Rd6 103. Qc7 Re6 104. Qb7 Kg6 105. Qb1+ Kg7 106. Qb3 Re5 107. Qb6 Re6 108. Qb7 Kg6 1/2-1/2

[Event "Late-Titled-Tuesday-Blitz-April-02-2024"]
[Site "Chess.com"]
[Date "2024.04.02"]
[Round "3"]
[White "Gabcur"]
[Black "MoldyTofu"]
[Result "1-0"]
[WhiteElo "2326"]
[BlackElo "2060"]
[TimeControl "180+1"]
[EndTime "14:21:30 PDT"]
[Termination "Gabcur won by resignation"]

1. d4 Nf6 2. Nc3 e6 3. Bf4 d5 4. e3 c5 5. Nb5 Na6 6. c3 Qb6 7. a4 Bd7 8. h3 Be7 9. Nf3 Nh5 10.
Bh2 Nf6 11. Be2 O-O 12. O-O Nc7 13. Bxc7 1-0

[Event "Late-Titled-Tuesday-Blitz-April-02-2024"]
[Site "Chess.com"]
[Date "2024.04.02"]
[Round "3"]
[White "KuzubovYuriy"]
[Black "Zq1"]
[Result "1-0"]
[WhiteElo "2923"]
[BlackElo "2615"]
[TimeControl "180+1"]
[EndTime "14:21:32 PDT"]
[Termination "KuzubovYuriy won by resignation"]

1. d4 Nf6 2. c4 a6 3. Nc3 c5 4. d5 b5 5. Qc2 b4 6. Ne4 Nxe4 7. Qxe4 d6 8. b3 Nd7 9. Bb2 Nf6 10. Qe3 g6 11.
Bxf6 1-0

[Event "Late-Titled-Tuesday-Blitz-April-02-2024"]
[Site "Chess.com"]
[Date "2024.04.02"]
[Round "3"]
[White "javierfreilemartin"]
[Black "SmirnovTimofey2000"]
[Result "1-0"]
[WhiteElo "2303"]
[BlackElo "1940"]
[TimeControl "180+1"]
[EndTime "14:22:05 PDT"]
[Termination "javierfreilemartin won by resignation"]

1. c4 c6 2. Nc3 d5 3. e3 Nf6 4. Nf3 e6 5. d4 a6 6. Bd2 Nbd7 7.
Rc1 dxc4 8. Bxc4 b5 9. Be2 c5 10. O-O Bb7 11. a4 c4 12. axb5 axb5 13. Nxb5 Ne4 14.
Rxc4 Nxd2 15. Nc7+ 1-0

[Event "Late-Titled-Tuesday-Blitz-April-02-2024"]
[Site "Chess.com"]
[Date "2024.04.02"]
[Round "3"]
[White "Truequitos"]
[Black "Cuchulin"]
[Result "1-0"]
[WhiteElo "2558"]
[BlackElo "2091"]
[TimeControl "180+1"]
[EndTime "14:22:20 PDT"]
[Termination "Truequitos won by resignation"]

1. e4 c5 2. Nf3 Nc6 3. c3 Nf6 4.
Bd3 g6 5. O-O Bg7 6. Bc2 O-O 7.
d4 cxd4 8. cxd4 d5 9. e5 Ne4 10. Nc3 Nxc3 11. bxc3 Bg4 12. h3 Bxf3 13. Qxf3 e6 14. Rb1 Rb8 15. Ba3 Re8 16. Bd6 Rc8 17. Rxb7 Na5 18. Qxf7+ 1-0

[Event "Late-Titled-Tuesday-Blitz-April-02-2024"]
[Site "Chess.com"]
[Date "2024.04.02"]
[Round "3"]
[White "rdarruda"]
[Black "DraningWaterHi"]
[Result "1/2-1/2"]
[WhiteElo "2492"]
[BlackElo "2289"]
[TimeControl "180+1"]
[EndTime "14:23:26 PDT"]
[Termination "Game drawn by repetition"]

1. d4 Nf6 2. Nf3 g6 3. Nc3 Bg7 4. e4 d6 5. Bg5 O-O 6. Qd2 Nbd7 7. O-O-O c5 8. dxc5 Nxc5 9. Qe1 Qa5 10. Kb1 Be6 11. a3 Rfe8 12. Nd4 Qb6 13. Nxe6 fxe6 14.
e5 dxe5 15. Bc4 Rac8 16. Qe2 a6 17. Ka2 Qc6 18. f3 b5 19. Bb3 Nxb3 20. cxb3 Nd5 21.
Ne4 Qc2 22. Rd2 Qc6 23. Rdd1 Qc2 24. Rd2 Qc6 25. Rdd1 1/2-1/2

[Event "Late-Titled-Tuesday-Blitz-April-02-2024"]
[Site "Chess.com"]
[Date "2024.04.02"]
[Round "3"]
[White "subham777"]
[Black "Masterisback04"]
[Result "1-0"]
[WhiteElo "2555"]
[BlackElo "2028"]
[TimeControl "180+1"]
[EndTime "14:23:48 PDT"]
[Termination "subham777 won by resignation"]

1. e4 c5 2. Nf3 Nc6 3. Bb5 d6 4. O-O Bd7 5. c3 Nf6 6. Re1 e5 7. d4 Be7 8. h3 O-O 9. Na3 a6 10. Bf1 b5 11. Nc2 Rc8 12. Bg5 Ne8 13. Bxe7 Qxe7 14. Ne3 g6 15. Nd5 Qd8 16. a4 b4 17.
Bxa6 bxc3 18. Bxc8 Bxc8 19. bxc3 cxd4 20. cxd4 Ba6 21. dxe5 dxe5 22. Rc1 Qd6 23. Rxc6 1-0

[Event "Late-Titled-Tuesday-Blitz-April-02-2024"]
[Site "Chess.com"]
[Date "2024.04.02"]
[Round "3"]
[White "dosto07"]
[Black "bescmelasti"]
[Result "1-0"]
[WhiteElo "2476"]
[BlackElo "2627"]
[TimeControl "180+1"]
[EndTime "14:24:01 PDT"]
[Termination "dosto07 won by resignation"]

1. e4 c5 2. Nf3 e6 3. c3 d5 4.
exd5 Qxd5 5. d4 Nf6 6. Na3 Nc6 7.
Be3 cxd4 8. Nb5 Qd7 9. Nbxd4 Nd5 10. Bc1 Be7 11. Bb5 Qc7 12. Qa4 Bd7 13. Nxc6 bxc6 14. Bd3 c5 15. Qg4 O-O 16. O-O Bc6 17. Re1 Rad8 18. Ne5 Ba8 19. Qh3 g6 20. Bh6 Rfe8 21.
Nxf7 1-0

[Event "Late-Titled-Tuesday-Blitz-April-02-2024"]
[Site "Chess.com"]
[Date "2024.04.02"]
[Round "3"]
[White "Byniolus"]
[Black "best926"]
[Result "1-0"]
[WhiteElo "2784"]
[BlackElo "2511"]
[TimeControl "180+1"]
[EndTime "14:24:03 PDT"]
[Termination "Byniolus won by resignation"]

1. d4 d5 2. Nf3 e6 3. Bf4 Nf6 4. e3 Bd6 5. Bg3 O-O 6. Nbd2 c5 7. c3 Qc7 8. Be2 Nbd7 9. c4 cxd4 10. Nxd4 e5 11. Nb5 Qb8 12. cxd5 Nxd5 13. O-O Re8 14. Nc4 1-0

[Event "Late-Titled-Tuesday-Blitz-April-02-2024"]
[Site "Chess.com"]
[Date "2024.04.02"]
[Round "3"]
[White "dolynachess"]
[Black "Mysterio47"]
[Result "1-0"]
[WhiteElo "2523"]
[BlackElo "2755"]
[TimeControl "180+1"]
[EndTime "14:24:03 PDT"]
[Termination "dolynachess won by resignation"]

1. d4 Nf6 2. c4 g6 3. Nc3 Bg7 4.
e4 d6 5. Nf3 O-O 6. Be2 e5 7.
d5 a5 8. Be3 Ng4 9. Bg5 f6 10.
Bh4 g5 11. Bg3 Nh6 12. Nd2 Na6 13. f3 f5 14. h3 f4 15. Bf2 Nf7 16. a3 Bd7 17. b3 Nc5 18. b4 axb4 19. axb4 Rxa1 20. Qxa1 Na6 21. Qa3 Bc8 22. c5 Nb8 23. Qa7 c6 24.
Qxb8 Qd7 25. cxd6 Nxd6 26. Bc5 1-0

[Event "Late-Titled-Tuesday-Blitz-April-02-2024"]
[Site "Chess.com"]
[Date "2024.04.02"]
[Round "3"]
[White "Vahe_Danielyan"]
[Black "Narek_Ghimoyan"]
[Result "1-0"]
[WhiteElo "2655"]
[BlackElo "2461"]
[TimeControl "180+1"]
[EndTime "14:24:28 PDT"]
[Termination "Vahe_Danielyan won by resignation"]

1. d4 Nf6 2. Bg5 d5 3. e3 Nbd7 4. Nd2 e6 5. Ngf3 Be7 6. Bd3 O-O 7. O-O h6 8. Bh4 b6 9. c4 dxc4 10. Nxc4 Bb7 11. Rc1 c5 12. Bg3 cxd4 13. Nxd4 Nc5 14. Bb1 Nce4 15. Be5 Rc8 16. Qe2 Qd5 17. f3 Nc5 18. Rfd1 Ba8 19. Nf5 Qb7 20. Ncd6 Bxd6 21. Nxd6 Qe7 22. Nxc8 Rxc8 23. b4 Nfd7 24. Bd6 1-0

[Event "Late-Titled-Tuesday-Blitz-April-02-2024"]
[Site "Chess.com"]
[Date "2024.04.02"]
[Round "3"]
[White "Kavyev_Ruslan"]
[Black "GoValya"]
[Result "1-0"]
[WhiteElo "2400"]
[BlackElo "2233"]
[TimeControl "180+1"]
[EndTime "14:24:28 PDT"]
[Termination "Kavyev_Ruslan won by resignation"]

1. d4 Nf6 2. c4 g6 3. Nc3 d5 4. cxd5 Nxd5 5. e4 Nxc3 6. bxc3 Bg7 7. Nf3 c5 8. Bb5+ Bd7 9. Rb1 O-O 10. O-O a6 11. Bd3 b5 12. Be3 Bg4 13. e5 Nc6 14.
Be2 e6 15. a4 cxd4 16. cxd4 b4 17. h3 Bf5 18. Bd3 Bxd3 19. Qxd3 Bxe5 20. Qe4 Bxd4 21. Nxd4 Nxd4 22. Bxd4 Qd5 23. Qxd5 exd5 24. Rxb4 Rfe8 25. Be3 Re6 26. Rd1 Rd8 27. Rb6 Rxb6 28. Bxb6 f5 29. Bxd8 1-0

[Event "Late-Titled-Tuesday-Blitz-April-02-2024"]
[Site "Chess.com"]
[Date "2024.04.02"]
[Round "3"]
[White "becemix"]
[Black "giovannibrandao7"]
[Result "1-0"]
[WhiteElo "2467"]
[BlackElo "2162"]
[TimeControl "180+1"]
[EndTime "14:24:30 PDT"]
[Termination "becemix won by resignation"]

1. e4 c5 2. Nf3 d6 3. d4 cxd4 4.
Nxd4 Nf6 5. Nc3 a6 6. Bc4 e6 7.
O-O Be7 8. Bg5 O-O 9. Bb3 b5 10.
a3 Bb7 11. Bxe6 fxe6 12. Nxe6 Qc8 13. Nxf8 Kxf8 14. Qe2 Qe6 15. Rae1 h6 16. Bh4 Nc6 17. f4 Kg8 18. f5 Qe5 19. Bg3 Nd4 20. Qd1 1-0

[Event "Late-Titled-Tuesday-Blitz-April-02-2024"]
[Site "Chess.com"]
[Date "2024.04.02"]
[Round "3"]
[White "Zkid"]
[Black "cthake"]
[Result "1-0"]
[WhiteElo "2836"]
[BlackElo "1825"]
[TimeControl "180+1"]
[EndTime "14:24:39 PDT"]
[Termination "Zkid won by resignation"]

1. e4 e6 2. d4 d5 3. Nc3 Bb4 4. e5 b6 5. Bd2 Bb7 6. Qg4 Bf8 7.
h4 h5 8. Qg3 Nc6 9. Nf3 Qd7 10.
Ne2 O-O-O 11. Nf4 g6 12. O-O-O Nh6 13. c3 Nf5 14. Qh3 Bh6 15. Bd3 Na5 16. Kb1 Kb8 17. g4 hxg4 18. Qxg4 Ne7 19. Ng5 Nf5 20. h5 gxh5 21.
Nxh5 Bxg5 22. Bxg5 Nh6 23. Qf4 Ng8 24. Bxd8 Qxd8 25.
Nf6 Rxh1 26. Rxh1 Nxf6 27. Qxf6 Qxf6 28. exf6 e5 29. Rh8+ Bc8 30. Ba6 Nb7 31. dxe5 c5 32. e6 fxe6 33. f7 1-0

[Event "Late-Titled-Tuesday-Blitz-April-02-2024"]
[Site "Chess.com"]
[Date "2024.04.02"]
[Round "3"]
[White "Danishcrown"]
[Black "Dhaydon19"]
[Result "0-1"]
[WhiteElo "2468"]
[BlackElo "2663"]
[TimeControl "180+1"]
[EndTime "14:24:41 PDT"]
[Termination "Dhaydon19 won by checkmate"]

1. d4 e6 2. Nf3 f5 3. h4 Nf6 4.
c3 Be7 5. Nbd2 b5 6. Qc2 Bb7 7.
h5 O-O 8. g3 c5 9. Bg2 cxd4 10.
cxd4 Nc6 11. e3 Nb4 12. Qb3 Bd5 13. Qd1 Nd3+ 14. Kf1 Ng4 15. Qe2 Ndxf2 16. Rg1 Ne4 17. Qe1 Bd6 18. Ne5 Nxe5 19. dxe5 Bxe5 20. Bxe4 fxe4+ 21. Kg2 Rf3 22. Nxf3 exf3+ 23. Kf2 Be4 24. Qb4 d5 25.
Bd2 Qg5 26. Bc3 Qxh5 27. Rh1 Bxg3+ 28. Kxg3 Qg5+ 29. Kf2 Qg2+ 30. Ke1 Qe2# 0-1

[Event "Late-Titled-Tuesday-Blitz-April-02-2024"]
[Site "Chess.com"]
[Date "2024.04.02"]
[Round "3"]
[White "NitaLucian"]
[Black "Shahdad2007"]
[Result "0-1"]
[WhiteElo "2340"]
[BlackElo "2586"]
[TimeControl "180+1"]
[EndTime "14:25:00 PDT"]
[Termination "Shahdad2007 won by resignation"]

1. e4 c5 2. d3 e6 3. Nd2 d5 4. Ngf3 Nc6 5. Be2 Nf6 6. O-O Be7 7. c3 O-O 8. e5 Nd7 9. d4 cxd4 10. cxd4 f6 11.
exf6 Bxf6 12. Nb3 e5 13. dxe5 Ndxe5 14. Nxe5 Bxe5 15. Be3 Bxb2 16. Rb1 Bf6 17. Bf3 d4 18. Bxc6 dxe3 19. Bd5+ Kh8 20. fxe3 Bg5 21. Rxf8+ Qxf8 22. Qd4 Qe7 23. e4 Bf6 24. Qd3 Bg4 25. Nd4 Qc5 26. Rxb7 Bxd4+ 0-1

[Event "Late-Titled-Tuesday-Blitz-April-02-2024"]
[Site "Chess.com"]
[Date "2024.04.02"]
[Round "3"]
[White "temus_galaktionov"]
[Black "Road2GM3000"]
[Result "1-0"]
[WhiteElo "2850"]
[BlackElo "2482"]
[TimeControl "180+1"]
[EndTime "14:25:03 PDT"]
[Termination "temus_galaktionov won by resignation"]

1. d4 d5 2. c4 c6 3. Nf3 Nf6 4. Qb3 e6 5. Nc3 Nbd7 6. Bg5 Be7 7. e3 h6 8. Bh4 O-O 9. Bd3 Re8 10. O-O dxc4 11.
Qxc4 c5 12. Rfd1 cxd4 13. Qxd4 Nc5 14. Bb5 Qxd4 15. Rxd4 Bd7 16. Bxf6 Bxf6 17. Rxd7 a6 18. Rc7 Rec8 19. Rxc8+ Rxc8 20. Bf1 b5 21. Nd4 e5 22.
Nf5 g6 23. Nd6 Rd8 24. Nde4 Be7 25. Nxc5 Bxc5 26. Rd1 Rc8 27. Rc1 Bb4 28. a3 Ba5 29. g3 Rd8 30. Rc2 f5 31. Be2 Kg7 32. Kf1 Rd6 33. Bf3 e4 34. Be2 b4 35. axb4 Bxb4 36. Na2 a5 37. Nxb4 axb4 38. Rc4 1-0